 Dungeon Crawl Stone Soup version 0.20.1-1-g8b1a95d (webtiles) character file.

218 Irenicus the Firebug (level 5, -8/42 HPs)
             Began as a Deep Dwarf Fire Elementalist on Nov 5, 2017.
             Mangled by an ogre
             ... wielding a +0 giant club
              (14 damage)
             ... on level 6 of the Dungeon.
             The game lasted 00:09:03 (864 turns).

Irenicus the Firebug (Deep Dwarf Fire Elementalist)  Turns: 864, Time: 00:09:04

Health: -8/42      AC:  3    Str: 13    XL:     5   Next: 63%
Magic:  8/8        EV: 12    Int: 17    God:
Gold:   71         SH:  0    Dex: 13    Spells: 4/8 levels left

rFire    . . .     SeeInvis .   l - staff of cold
rCold    + . .     Gourm    .   (no shield)
rNeg     . . .     Faith    .   k - +0 leather armour
rPois    .         Spirit   .   (no helmet)
rElec    .         Reflect  .   (no cloak)
rCorr    .         Harm     .   (no gloves)
MR       .....                  (no boots)
Stlth    ++........             (no amulet)
Regen    0.0/turn               g - +2 ring of strength
MPRegen  0.2/turn               (no ring)

@: non-regenerating
A: damage resistance, heal wounds, sense surroundings 1, no regeneration
a: Heal Wounds


You were on level 6 of the Dungeon.
You were not hungry.

You visited 1 branch of the dungeon, and saw 6 of its levels.

You collected 71 gold pieces.

Inventory:

Armour
 k - a +0 leather armour (worn)
 p - a +0 buckler
Magical Staves
 l - an uncursed staff of cold (weapon)
Jewellery
 g - a +2 ring of strength (left hand)
Wands
 f - a wand of confusion (29/48)
Scrolls
 a - 2 scrolls of magic mapping {unknown}
 d - 2 scrolls of identify
 e - 2 scrolls of teleportation {unknown}
 i - a scroll of random uselessness {unknown}
 n - a scroll of enchant armour {unknown}
 o - a scroll of noise {unknown}
Potions
 m - a potion of haste
Books
 b - a book of Flames

   Spells                             Type                      Level
   a - Flame Tongue                   Conjuration/Fire             1
   b - Throw Flame                    Conjuration/Fire             2
   c - Conjure Flame                  Conjuration/Fire             3
   d - Inner Flame                    Hexes/Fire                   3
   e - Sticky Flame                   Conjuration/Fire             4
   f - Fireball                       Conjuration/Fire             5
Comestibles
 c - 2 bread rations
 j - a royal jelly


   Skills:
 - Level 2.1 Dodging
 - Level 2.4 Stealth
 - Level 2.0 Spellcasting
 + Level 3.9 Conjurations
 - Level 4.1 Fire Magic


You had 4 spell levels left.
You knew the following spells:

 Your Spells              Type           Power        Failure   Level  Hunger
a - Flame Tongue          Conj/Fire      ###..        4%          1    #......
b - Conjure Flame         Conj/Fire      ###.....     14%         3    ###....


Dungeon Overview and Level Annotations

Branches:
Dungeon (6/15)
 Temple: D:4-7

Altars:
Fedhas
Gozag

Shops:
D:4 =


Innate Abilities, Weirdness & Mutations

You are resistant to damage.
You can heal yourself by infusing magical energy.
You passively map a small area around you.
You do not regenerate.


Message History

The crimson imp is lightly wounded.
The crimson imp barely misses you.
The crimson imp blinks!
An ogre comes into view. It is wielding a giant club.
Found a worn ivory wand.
The ogre shouts!
You hear a shout!
Found 9 gold pieces.
You see here a wand of confusion (?/48).
f - a wand of confusion (?/48)
The ogre hits you with a giant club!
* * * LOW HITPOINT WARNING * * *
You see here 9 gold pieces.
The crimson imp blinks!
Evoke which item? (* to show all) (? for menu, Esc to quit)
Aiming: Confuse (will waste charges)
Press: ? - help, Shift-Dir - straight line, f - ogre
Aim: an ogre, wielding a giant club (chance to defeat MR: 46%)
The ogre appears confused.
Evoking this partially-identified wand wasted a few charges.
The ogre hits you with a giant club!
You die...

..........######.#.##
........#...5.....#(#
#######.########(.(##
##...## ##.## *
##.....#######)#
#..............####
##.....####.......# ,
##..5#####.##.##.# ,
#.####$#...O@..<.# #*
#.........####.##.....>c
* ...########
#....##.##.* , ..#.#* #
* ** ......, , * , , ,
,, #.#.###**,, * * .#.#
* .#.# * * , * * ,


You could see an ogre (confused) and a crimson imp.

Vanquished Creatures
  A centaur (D:6)
  A scorpion (D:4)
  An orc wizard (D:5)
  2 adders
  3 oozes
  A dart slug (D:1)
  A bat (D:1)
  5 goblins
  4 hobgoblins
  4 jackals (D:5)
  A quokka (D:5)
  A ball python (D:1)
  3 frilled lizards (D:1)
  2 kobolds
  3 rats (D:1)
  A toadstool (D:2)
34 creatures vanquished.

Notes
Turn   | Place    | Note
-------+----------+-------------------------------------------
     0 | D:1      | Irenicus the Deep Dwarf Fire Elementalist began the quest for the Orb.
     0 | D:1      | Reached XP level 1. HP: 15/15 MP: 3/3
    56 | D:1      | Reached skill level 1 in Conjurations
    81 | D:1      | Reached XP level 2. HP: 16/22 MP: 0/5
   225 | D:1      | Reached skill level 3 in Fire Magic
   269 | D:2      | Reached XP level 3. HP: 21/28 MP: 1/6
   312 | D:2      | Found a blossoming altar of Fedhas.
   544 | D:4      | Found Nurrukko's Jewellery Boutique.
   581 | D:4      | Noticed a scorpion
   589 | D:4      | Killed a scorpion
   589 | D:4      | Reached skill level 4 in Fire Magic
   589 | D:4      | Reached XP level 4. HP: 28/36 MP: 1/7
   594 | D:4      | Learned a level 3 spell: Conjure Flame
   669 | D:5      | Entered Level 5 of the Dungeon
   683 | D:5      | Found an opulent altar of Gozag.
   793 | D:5      | Reached XP level 5. HP: 15/42 MP: 0/8
   800 | D:6      | Noticed a centaur
   826 | D:6      | Killed a centaur
   847 | D:6      | Noticed an ogre
   864 | D:6      | Mangled by an ogre

Skill      XL: |  1  2  3  4  5 |
---------------+----------------+-----
Spellcasting   | 2 |  2.0
Conjurations   | 1 2 3 |  3.9
Fire Magic     | 3 4 |  4.1
Dodging        | |  2.1
Stealth        | |  2.4

Action                   |  1- 3 |  4- 6 || total
-------------------------+-------+-------++-------
Melee: Unarmed           |    23 |       ||    23
       Staff             |       |    25 ||    25
 Cast: Flame Tongue      |    37 |    24 ||    61
 Abil: Heal Wounds       |       |     1 ||     1
Evoke: Wand              |       |     1 ||     1
  Use: Potion            |     1 |     3 ||     4
       Scroll            |     3 |       ||     3
  Eat: Chunk             |       |     1 ||     1
Armor: Robe              |     6 |       ||     6
       Leather armour    |     1 |    11 ||    12
Dodge: Dodged            |    25 |    51 ||    76
